Map: [ESL] Alcyone

Players

Coffee

  • Race: Terran Terran
  • Spawn Location: 7:00

Oliveira - Winner!

  • Race: Terran Terran
  • Spawn Location: 1:00

Event: ESL SC2 Masters 2024 Spring (Regional)

VOD

Have the link to the VOD?

Description

Time

  • Played on: April 25, 2024, 5:51 a.m.
  • Length: 8:52

All games in this series

Show
View Real Time Build Order
Export as new Build Order

Coffee Terran 

Build Orders: Cyclone Opening, Reaper Expand 

Get SALT Encoding   

  12  0:00  SCV  
  13  0:12  SCV  
  14  0:17  Supply Depot  
  14  0:24  SCV  
  15  0:38  SCV  
  15  0:40  Barracks  
  16  0:43  Refinery  
  16  0:50  SCV  
  17  1:02  SCV  
  18  1:15  SCV  
  19  1:27  Orbital Command, Reaper  
  20  1:41  Command Center  
  20  1:54  SCV  
  20  1:55  Supply Depot  
  20  1:59  Marine  
  22  2:07  SCV  
  23  2:10  Factory  
  23  2:16  Refinery  
  23  2:17  Marine  
  23  2:20  SCV  
  25  2:32  SCV  
  26  2:37  Marine  
  27  2:48  SCV  
  28  2:54  Starport  
  28  2:55  Cyclone  
  30  3:00  Barracks Reactor  
  30  3:02  SCV  
  30  3:04  Orbital Command  
  31  3:09  Refinery  
  31  3:14  SCV  
  32  3:27  SCV  
  33  3:28  Factory Tech Lab  
  33  3:30  SCV  
  33  3:32  Medivac  
  36  3:39  SCV  
  37  3:42  SCV  
  37  3:43  Marine x2  
  37  3:44  Supply Depot  
  37  3:47  Siege Tank  
  43  3:53  SCV, Supply Depot  
  43  3:54  SCV  
  45  4:10  SCV x2  
  45  4:13  Supply Depot  
  47  4:18  Viking x2  
  47  4:19  Siege Tank  
  47  4:22  SCV x2  
  56  4:28  Supply Depot  
  56  4:30  Refinery  
  56  4:47  SCV x2  
  56  4:48  Viking x2  
  56  4:51  Siege Tank  
  65  4:55  Supply Depot  
  59  5:07  SCV x2  
  61  5:16  Starport  
  61  5:19  SCV x2  
  63  5:21  Liberator  
  66  5:31  SCV x2, Siege Tank  
  71  5:36  Supply Depot  
  70  5:43  SCV x2, Viking  
  74  5:53  Viking  
  74  5:55  SCV  
  74  5:56  SCV  
  78  6:01  Supply Depot  
  78  6:08  SCV x2  
  82  6:14  Viking x2  
  82  6:16  Siege Tank  
  87  6:19  Supply Depot  
  87  6:20  SCV x2  
  88  6:25  Viking  
  88  6:26  Supply Depot  
  88  6:32  SCV x2  
  92  6:44  SCV x2  
  89  6:57  Viking x3  
  89  6:58  SCV x2, Siege Tank  
  95  7:10  SCV x2  
  95  7:11  Command Center  
  97  7:29  Marine  
  91  7:30  Viking x2  
  91  7:31  SCV x2  
  91  7:34  Starport  
  97  7:45  Refinery  
  97  7:47  SCV  
  97  7:49  Refinery  
  97  7:50  Siege Tank  
  101  7:58  SCV, Viking  
  104  7:59  SCV  
Show
View Real Time Build Order
Export as new Build Order

Oliveira Terran - Winner!

Build Orders: Gas First Reaper Expand 

Get SALT Encoding   

  12  0:00  SCV  
  13  0:12  SCV  
  14  0:17  Supply Depot  
  14  0:24  SCV  
  14  0:27  Refinery  
  15  0:38  SCV  
  16  0:44  Barracks  
  16  0:50  SCV  
  17  1:03  SCV  
  18  1:15  SCV  
  19  1:31  Orbital Command, Reaper  
  20  1:41  Command Center  
  20  1:52  Factory  
  20  1:56  SCV  
  21  2:03  Marine  
  21  2:06  Supply Depot  
  22  2:09  SCV  
  22  2:15  Refinery  
  23  2:27  SCV, Marine  
  24  2:37  Hellion  
  24  2:39  SCV  
  24  2:42  Starport  
  27  2:47  Barracks Reactor  
  27  2:52  SCV  
  27  2:53  Orbital Command  
  28  3:01  Factory Tech Lab  
  28  3:05  SCV  
  29  3:17  SCV  
  30  3:20  Siege Tank  
  30  3:22  SCV  
  30  3:25  Marine x2  
  30  3:26  Supply Depot  
  36  3:28  Medivac  
  36  3:30  SCV  
  39  3:34  SCV  
  39  3:36  Refinery  
  40  3:42  Marine  
  40  3:43  SCV, Marine  
  40  3:46  SCV  
  44  3:49  Supply Depot  
  44  3:54  Siege Tank  
  47  3:55  SCV  
  47  3:58  SCV  
  49  4:07  SCV  
  50  4:11  Viking  
  50  4:13  SCV  
  50  4:14  Viking  
  55  4:20  SCV, Barracks Tech Lab, Supply Depot  
  56  4:25  SCV  
  57  4:34  Siege Tank  
  58  4:43  SCV  
  57  4:47  SCV  
  57  4:51  Viking  
  60  4:56  Command Center, Viking  
  57  5:08  Marine  
  57  5:10  SCV x2  
  57  5:14  Siege Tank, Refinery  
  60  5:20  Supply Depot  
  60  5:22  SCV x2  
  60  5:23  Supply Depot, Viking  
  64  5:33  Viking  
  64  5:34  SCV x2  
  68  5:43  Supply Depot  
  68  5:46  SCV x2, Starport  
  70  5:54  Viking  
  71  5:58  SCV x2  
  71  6:03  Marine  
  71  6:04  Starport  
  74  6:06  Viking  
  74  6:10  SCV x2  
  78  6:12  Orbital Command  
  78  6:21  Siege Tank  
  78  6:22  SCV  
  78  6:25  Viking  
  84  6:27  SCV  
  84  6:32  Viking  
  86  6:34  SCV  
  86  6:39  SCV, Viking  
  90  6:46  SCV  
  88  6:58  Siege Tank  
  88  6:59  SCV  
  88  7:00  SCV  
  90  7:02  Viking  
  90  7:05  Viking  
  93  7:11  SCV  
  93  7:13  SCV  
  93  7:17  Supply Depot  
  93  7:18  Supply Depot, Viking  
  93  7:24  SCV  
  93  7:28  Viking  
  92  7:35  SCV  
  92  7:38  Orbital Command  
  92  7:40  SCV  
  92  7:43  Viking  
  92  7:44  Viking  
  97  7:47  SCV  
  97  7:50  Liberator  
  101  7:52  SCV  
  102  7:58  Refinery  
  99  8:05  Viking  
  92  8:13  Viking  
Tags
 
Add a new tag
Caveats
  • Supply blocks, unpowered buildings, or Contaminate may cause inaccurate times.
  • Supply counts are checked every 10 seconds.